AoeStats
← ZonTik

Arena

509598079Analyzed
3v3 RM · 6d ago on Sep 27, 2026· 57m 50s· 6 players
Game mode
Random Map
Map size
Normal (6 player)
Population
200
Speed
Normal
Resources
Standard
Victory
Conquest
Starting age
Dark Age
Ending age
Imperial Age
RankedLock teamsTeams togetherTeam positionsShared explorationLock speedFull tech treeHidden civsTurbo modeCheats
Victory
Defeat
🇨🇭 Turks · Switzerland
750
+11
🇨🇳 Teutons · China
645
+15
🇦🇺 Spanish · Australia
635
+16
🇷🇺 Gurjaras · Russia
646
-15
🇷🇺 Danes · Russia
639
-14
🇷🇺 Huns · Russia
614
-13
RYOUSHI HAN
10:22 Feudal Age
11:11 Double-Bit Axe
23:57 Castle Age
22:50 Horse Collar
25:42 Wheelbarrow
25:33 Heavy Plow
26:37 Fletching
28:17 Wheelbarrow
30:53 Imperial Age
30:24 Fervor
31:47 Hand Cart
32:07 Crenellations
32:09 Conscription
31:54 Caravan
32:12 Bow Saw
33:03 Forging
32:49 Bodkin Arrow
32:43 Loom
32:47 Town Watch
33:04 Elite Skirmisher
34:23 Iron Casting
33:50 Scale Mail Armor
35:05 Arrowslits
36:24 Chemistry
35:46 Ballistics
37:25 Blast Furnace
36:41 Chain Mail Armor
36:36 Town Patrol
39:27 Two-Man Saw
39:02 Crop Rotation
39:48 Masonry
39:47 Siege Engineers
39:27 Elite Teutonic Knight
41:45 Plate Mail Armor
41:34 Fortified Wall
41:32 Stone Mining
41:34 Gold Mining
44:32 Ironclad
44:53 Devotion
44:20 Heavy Scorpion
48:22 Scale Barding Armor
Pommesgabel
11:58 Feudal Age
12:34 Double-Bit Axe
19:23 Castle Age
21:04 Loom
26:21 Horse Collar
27:49 Stone Mining
27:51 Gold Mining
29:01 Heavy Plow
29:12 Bow Saw
32:49 Imperial Age
38:31 Gold Shaft Mining
38:35 Wheelbarrow
39:09 Two-Man Saw
38:59 Artillery
38:20 Elite Janissary
40:10 Bombard Tower
40:11 Ballistics
41:01 Hand Cart
40:14 Heavy Camel Rider
41:58 Squires
41:38 Capped Ram
44:59 Fortified Wall
44:39 Heated Shot
46:22 Caravan
46:52 Coinage
46:33 Guilds
52:55 Banking
53:41 Scale Barding Armor
53:36 Scale Mail Armor
53:27 Fletching
53:37 Padded Archer Armor
53:48 Forging
MachTerran
12:26 Feudal Age
12:44 Loom
16:47 Castle Age
14:50 Double-Bit Axe
17:09 Horse Collar
18:19 Wheelbarrow
20:55 Stone Mining
23:27 Stone Shaft Mining
26:25 Padded Archer Armor
32:45 Imperial Age
31:35 Leather Archer Armor
31:11 Fletching
31:41 Leather Archer Armor
32:39 Ballistics
32:49 Gold Mining
37:08 Chemistry
38:27 Heavy Plow
38:43 Bow Saw
39:20 Elite Conquistador
41:17 Husbandry
41:27 Bloodlines
45:19 Hand Cart
45:44 Cavalier
50:10 Arrowslits
50:22 Murder Holes
50:15 Paladin
52:35 Fortified Wall
52:36 Masonry
53:04 Conscription
53:34 Caravan
53:53 Scale Barding Armor
54:03 Forging
56:27 Inquisition
57:07 Hoardings
58:30 Chain Barding Armor
58:46 Iron Casting
58:42 Ring Archer Armor
58:08 Bodkin Arrow
LadyBoy
8:48 Feudal Age
9:22 Double-Bit Axe
9:29 Horse Collar
18:10 Castle Age
17:06 Stone Mining
17:08 Gold Mining
17:43 Fletching
19:38 Bodkin Arrow
24:12 Husbandry
28:32 Forging
32:14 Scale Barding Armor
32:21 Treadmill Crane
34:11 Iron Casting
34:22 Bloodlines
37:47 Padded Archer Armor
39:06 Leather Archer Armor
43:15 Chain Barding Armor
45:16 Caravan
46:17 Leather Archer Armor
46:04 Scale Mail Armor
46:46 Gold Shaft Mining
ZonTik
10:00 Feudal Age
10:41 Horse Collar
15:37 Wheelbarrow
18:11 Castle Age
19:20 Forging
19:11 Scale Mail Armor
19:15 Gold Mining
19:19 Stone Mining
22:24 Squires
23:10 Iron Casting
22:51 Chain Mail Armor
25:45 Gambesons
44:22 Gold Shaft Mining
44:03 Arson
49:38 Double-Bit Axe
50:25 Pikeman
51:44 Hand Cart
Kolbas™
9:55 Feudal Age
10:22 Horse Collar
12:05 Double-Bit Axe
14:32 Loom
19:27 Castle Age
20:10 Heavy Plow
22:20 Scale Barding Armor
22:06 Fletching
26:54 Town Watch
28:31 Marauders
28:27 Gold Mining
29:28 Chain Barding Armor
31:37 Bow Saw
38:04 Forging
37:50 Bodkin Arrow
37:56 Scale Mail Armor
40:31 Imperial Age
39:04 Husbandry
40:22 Gold Shaft Mining
41:36 Atheism
47:12 Elite Tarkan
48:16 Conscription
49:42 Cavalier
50:34 Bloodlines
49:44 Light Cavalry
50:42 Bloodlines
49:57 Light Cavalry
51:21 Hussar
53:15 Plate Barding Armor
Connection lost

Rejoining the realm…

Still unreachable

The connection could not be restored.

Session expired

The server has moved on; the page needs a fresh start.